 Dungeon Crawl Stone Soup version 0.30.1-4-g462c640d31 (webtiles) character file.

Game seed: 2485597455502843467

3033 mortz the Destroyer (level 9, -9/62 HPs)
             Began as a Demigod Conjurer on Sept 15, 2023.
             Mangled by a hornet (12 damage)
             ... on level 7 of the Dungeon.
             The game lasted 00:43:57 (6837 turns).

mortz the Destroyer (Demigod Conjurer)              Turns: 6837, Time: 00:43:57

Health: -9/62      AC:  5    Str: 14    XL:     9   Next: 30%
Magic:  33/33      EV: 12    Int: 37    God:
Gold:   316        SH:  0    Dex: 12    Spells: 13/23 levels left

rFire   + . .        a - +7 broad axe "Zici" {freeze, MP+9 Int+5 SInv}
rCold   . . .        (no shield)
rNeg    . . .        n - +0 leather armour
rPois   .            (no helmet)
rElec   .            (no cloak)
rCorr   .            l - +1 pair of gloves
SInv    +            (no boots)
Will    .....        m - amulet of magic regeneration
Stlth   ++           c - +6 ring of strength
HPRegen 0.30/turn    G - ring of protection from fire
MPRegen 0.63/turn

%: no passive effects
@: about to teleport, slowed, very slow
A: high MP 1, forlorn, divine attributes
a: no special abilities


You were on level 7 of the Dungeon.
You visited 1 branch of the dungeon, and saw 7 of its levels.

You collected 316 gold pieces.

Inventory:

Hand Weapons
 a - the +7 broad axe "Zici" (weapon) {freeze, MP+9 Int+5 SInv}
   (You found it on level 6 of the Dungeon)

   Int:       It affects your intelligence (+5).
   MP:        It affects your magic capacity (+9).
   SInv:      It lets you see invisible.
 f - a +1 trident of protection
 g - a +0 dagger
 q - a +0 morningstar
 y - a +0 flail of holy wrath
 E - a +1 dagger of holy wrath
 F - a +2 dagger of electrocution
 H - a +0 hand axe of holy wrath
Missiles
 i - 12 poisoned darts
 u - a throwing net
 z - 2 boomerangs
Armour
 l - a +1 pair of gloves (worn)
 n - a +0 leather armour (worn)
 x - a +1 ring mail of cold resistance
Jewellery
 c - a +6 ring of strength (left hand)
 m - an amulet of magic regeneration (around neck)
 G - a ring of protection from fire (right hand)
Wands
 r - a wand of acid (7)
 s - a wand of roots (8)
Scrolls
 o - 5 scrolls of fog
 t - 2 scrolls of amnesia
 I - 2 scrolls of enchant armour {unknown}
Potions
 b - a potion of magic
 d - a potion of mutation
 h - a potion of haste
 k - a potion of flight
 p - a potion of berserk rage
 v - 2 potions of attraction
 w - 3 potions of might
 A - a potion of cancellation
 B - a potion of brilliance {unknown}
 C - a potion of lignification {unknown}


   Skills:
 + Level 2.2 Axes
 - Level 2.2 Dodging
 - Level 2.3 Stealth
 * Level 7.9 Spellcasting
 * Level 9.2 Conjurations


You had 13 spell levels left.
You knew the following spells:

 Your Spells              Type           Power      Damage    Failure   Level
a - Magic Dart            Conj           100%       1d8       1%          1
b - Searing Ray           Conj           100%       2d8       1%          2
c - Iskenderun's Mystic   Conj/Tloc      48%        2d11      5%          4
d - Mephitic Cloud        Conj/Pois/Air  37%        N/A       3%          3

Your spell library contained the following spells:

 Spells                   Type           Power      Damage    Failure   Level
 Shock                    Conj/Air       100%       1d9       1%          1
 Dazzling Flash           Conj/Hex       96%        N/A       1%          3
 Call Imp                 Summ           28%        N/A       5%          2
 Fulminant Prism          Conj/Hex       24%        3d12      5%          4
 Portal Projectile        Hex/Tloc       28%        N/A       11%         3
 Swiftness                Air            14%        N/A       11%         3
 Tukima's Dance           Hex            14%        N/A       11%         3
 Airstrike                Air            7%         2d(1-17)  34%         4
 Blade Hands              Tmut           7%         N/A       67%         5


Dungeon Overview and Level Annotations

Branches:
Dungeon (7/15) Zot: 26273
 Temple: D:4-7

Annotations:
D:3 Sigmund
D:6 3 runed translucent doors, croobank's ghost, novice OpDe


Innate Abilities, Weirdness & Mutations

You have an increased reservoir of magic. (+10% MP)
You shall have no god before yourself.
Your divine heritage dramatically boosts your attributes as you level up.


Message History

You feel very sick. The hornet stings you.
* * * LOW HITPOINT WARNING * * *
You feel as though you will be slow longer.
The hornet stings you.
* * * LOW HITPOINT WARNING * * *
You feel as though you will be slow longer.
You feel much better.
You feel very sick. The hornet stings you.
You suddenly lose the ability to move!
The hornet stings you.
You feel as though you will be slow longer.
You feel sick. The hornet stings you.
You are more poisoned.
You feel as though you will be slow longer.
The hornet stings you.
You feel as though you will be slow longer.
You can move again.
You closely miss the hornet.
The hornet is moderately wounded.
* * * LOW HITPOINT WARNING * * *
You feel extremely sick. The hornet closely misses you. The hornet stings you.
* * * LOW HITPOINT WARNING * * *
You feel as though you will be slow longer.
The hornet misses you.
You feel strangely unstable.
You feel very sick. The hornet stings you.
* * * LOW HITPOINT WARNING * * *
You are more poisoned.
You suddenly lose the ability to move!
The hornet stings you but does no damage.
You can move again.
Okay, then.
You feel better. The hornet stings you!
* * * LOW HITPOINT WARNING * * *
You feel as though you will be slow longer.
The hornet barely misses you. The hornet stings you!
You die...

#. #.#..##..#.#.# #.8
#.###.#......#.#.# #..
#...#.##....##.#.#
##.. #...##....##.#.#
##...
##...##..##....###...8
#...##..##...........
##...####...#........
##..####..###....#..
##@.##...###....#.8
#y.##....#........
..####......###..#
...# #...††## ##..
#..## ##....# ##. #..
#..)## # #.# ##).# #.
#..# #.>.


You could see a hornet.

Vanquished Creatures
  A vampire (D:6)
  Menkaure (D:7)
  2 water moccasins
  6 ice beasts
  A sky beast (D:6)
  2 black bears
  An ogre (D:5)
  2 scorpions
  11 killer bees (D:7)
  2 howler monkeys
  2 hounds (D:5)
  A gnoll bouda (D:6)
  An orc priest (D:7)
  2 jellies (D:6)
  A sleepcap (D:6)
  4 iguanas
  12 orc wizards
  A mummy (D:3)
  13 gnolls
  7 adders
  A white imp (D:5)
  2 ufetubi
  2 worms
  4 dart slugs
  23 orcs
  15 ball pythons
  8 bats
  5 endoplasms
  4 giant cockroaches
  6 goblins
  8 hobgoblins
  A quokka (D:3)
  4 frilled lizards
  10 kobolds
  7 rats
173 creatures vanquished.

Notes
Turn   | Place    | Note
-------+----------+-------------------------------------------
     0 | D:1      | mortz the Demigod Conjurer began the quest for the Orb.
     0 | D:1      | Reached XP level 1. HP: 14/14 MP: 5/5
   295 | D:1      | Reached XP level 2. HP: 20/20 MP: 2/7
   451 | D:1      | Learned a level 2 spell: Searing Ray
   474 | D:1      | Noticed a floating eye
   475 | D:1      | Noticed a floating eye
   501 | D:1      | Noticed an eye of devastation
   672 | D:1      | Noticed a great orb of eyes
  1284 | D:2      | Reached XP level 3. HP: 26/26 MP: 3/9
  1562 | D:2      | Reached skill level 4 in Conjurations
  1748 | D:2      | Reached XP level 4. HP: 33/33 MP: 6/10
  2697 | D:3      | Noticed an ice beast
  2712 | D:3      | Killed an ice beast
  2713 | D:3      | Reached XP level 5. HP: 22/38 MP: 3/13
  2995 | D:3      | Noticed Sigmund
  3051 | D:3      | Reached skill level 5 in Conjurations
  3549 | D:4      | Reached XP level 6. HP: 45/45 MP: 6/15
  4081 | D:5      | Entered Level 5 of the Dungeon
  4284 | D:5      | Reached skill level 6 in Conjurations
  4284 | D:5      | Reached XP level 7. HP: 42/50 MP: 11/17
  4364 | D:5      | Reached skill level 5 in Spellcasting
  4832 | D:5      | Reached skill level 7 in Conjurations
  4876 | D:5      | Reached XP level 8. HP: 57/57 MP: 16/20
  5475 | D:6      | Found a runed translucent gate.
  5476 | D:6      | Found a runed translucent gate.
  5476 | D:6      | Found a runed translucent gate.
  5478 | D:6      | Noticed croobank's ghost (novice OpDe)
  5624 | D:6      | Reached skill level 8 in Conjurations
  5663 | D:6      | Identified the +7 broad axe "Zici" {freeze, MP+9 Int+5
                  | SInv}
  6354 | D:7      | Reached skill level 1 in Axes
  6526 | D:7      | Reached XP level 9. HP: 56/62 MP: 24/24
  6533 | D:7      | Learned a level 4 spell: Iskenderun's Mystic Blast
  6737 | D:7      | Reached skill level 9 in Conjurations
  6777 | D:7      | Learned a level 3 spell: Mephitic Cloud
  6784 | D:7      | Noticed Menkaure
  6789 | D:7      | Killed Menkaure
  6833 | D:7      | Paralysed by a hornet for 2 turns
  6836 | D:7      | Paralysed by a hornet for 1 turns
  6837 | D:7      | HP: 3/62 [hornet (11)]
  6837 | D:7      | Mangled by a hornet

Illustrated notes

Levels and vault maps discovered:
D:1:      beargit_arrival_greenhouse, layout_basic,
          hellmonk_ecumenical_altar_watching_god, minmay_misc_feat_pillars,
          hex_intersection, minmay_misc_feat_plants,
          nicolae_kite_square_tiling_tiny
D:2:      minmay_general_purpose_star, layout_rooms, basic_altar
D:3:      minmay_chambers_of_threes, layout_basic, slow_altar_1,
          amcnicky_altar_gilded, minitemple, kennysheep_generic_room_4,
          uniq_sigmund
D:4:      layout_loops_ring, mainiacjoe_overflow_cross_hatched
D:5:      layout_basic, lightli_temple_of_fire
D:6:      layout_rooms, ebering_ghost_rock_garden, minmay_crossroads
D:7:      layout_layer_cave, minmay_temple_entry_gardened_gates,
          minmay_misc_feat_x, minmay_misc_feat_four_crosses, patterned_corridor,
          uniq_menkaure

Skill      XL: |  1  2  3  4  5  6  7  8  9 |
---------------+----------------------------+-----
Dodging        | 2 |  2.2
Stealth        | 2 |  2.3
Spellcasting   | 2 3 4 5 7 |  7.9
Conjurations   | 4 5 6 7 8 9 |  9.2
Axes           | 1 2 |  2.2

Action                     |  1- 3 |  4- 6 |  7- 9 || total
---------------------------+-------+-------+-------++-------
  Melee: Trident           |     6 |     1 |     3 ||    10
         Broad axe         |       |       |    19 ||    19
         Flail             |       |       |     2 ||     2
   Cast: Magic Dart        |    76 |    74 |   104 ||   254
         Searing Ray       |     6 |    33 |    45 ||    84
         Iskenderun's Myst |       |       |     1 ||     1
    Use: Scroll            |     3 |    10 |     7 ||    20
         Potion            |       |       |     5 ||     5
 Armour: Robe              |     5 |       |       ||     5
         Leather armour    |       |    20 |    23 ||    43
  Dodge: Dodged            |     8 |    32 |    35 ||    75
